Sharks vs Blues (R1)

Created - 4 octobre 2014 at 19:28

Goals
1 2 3 T
Sharks 0 2 2 4
Blues 3 2 1 6
Shots
1 2 3 T
Sharks 10 21 10 41
Blues 8 12 9 29

1st period

1. Blues , Marian Hossa 4 (Bryce Lampman, Paul Kariya) at 6:15
2. Blues , Marian Hossa 5 (Paul Kariya) at 9:10
3. Blues , Travis Zajac 4 (Bryce Lampman, Marian Hossa) at 16:18

Penalties :
Markus Naslund (SJS) for Holding (Minor) at 3:14, Dany Heatley (SJS) for Slashing (Minor) at 11:32

2nd period

4. Sharks , Antoine Vermette 3 (Brandon Yip) at 2:18 (PP)
5. Blues , Paul Kariya 7 (Nik Antropov) at 3:19 (PP)
6. Sharks , Kyle Wellwood 2 (Alex Pietrangelo, Taylor Pyatt) at 13:01
7. Blues , Sergei Shirokov 2 (David Perron, Kevin Shattenkirk) at 14:56 (PP)

Penalties :
James Livingstone (STL) for Interference (Minor) at 1:42, Kevin Klein (SJS) for Roughing (Minor) at 3:17, Kevin Shattenkirk (STL) for Holding (Minor) at 10:08, Markus Naslund (SJS) for Tripping (Minor) at 14:33, Marian Hossa (STL) for Goalie Interference (Minor) at 16:01, Tyler Weiman (SJS) for Slashing (Minor) at 18:22 - Taylor Pyatt served the penalty

3rd period

8. Sharks , Dany Heatley 3 (David Legwand, Lasse Kukkonen) at 1:56 (PP)
9. Sharks , David Legwand 5 (Alex Pietrangelo, Daniel Alfredsson) at 2:20
10. Blues , Brian Lee 1 (Paul Kariya, Nik Antropov) at 12:03 (PP)

Penalties :
Marcel Hossa (STL) for Hooking (Minor) at 1:09, Dan Boyle (STL) for Holding (Minor) at 2:39, Brian Lee (STL) for Tripping (Minor) at 3:22, Dany Heatley (SJS) for High sticking (Minor) at 11:57, Markus Naslund (SJS) for Roughing (Minor) at 13:26, Curtis Glencross (SJS) for Holding (Minor) at 16:31

Goalie Stats

Mike Brodeur (SJS), 6 saves from 10 shots - (0,600), 23:19 minutes
Tyler Weiman (SJS), 17 saves from 19 shots - (0,895), L, 2-3-0, 36:41 minutes
Tuukka Rask (STL), 37 saves from 41 shots - (0,902), W, 4-1-0, 60:00 minutes

Players Stats for Sharks

Player Name              G  A  P  +/- PIM S  H  SB GA TA FO     MP     PP MP  PK MP  
------------------------------------------------------------------------------------
Adam Mair                0  0  0   0  0   2  2  1  1  0  1/1     9:17   0:00   2:48 
Alex Pietrangelo         0  2  2   2  0   3  1  2  0  3  0/0    23:53   5:01   0:12 
Antoine Vermette         1  0  1  -1  0   6  0  0  1  0  6/14   14:55   3:21   0:10 
Brandon Yip              0  1  1  -1  0   0  0  0  1  0  1/3    15:25   3:21   0:00 
Curtis Glencross         0  0  0   0  2   1  3  0  0  0  0/1     7:33   0:03   0:57 
Daniel Alfredsson        0  1  1   0  0   4  4  0  0  1  3/3    25:05   4:39   5:59 
Dany Heatley             1  0  1   0  4   4  1  0  1  0  0/1    19:55   4:39   0:24 
David Hale               0  0  0  -1  0   0  1  0  1  1  0/0    20:28   3:02   3:45 
David Legwand            1  1  2   0  0   7  9  1  2  0  18/33  18:48   4:39   0:00 
Francis Bouillon         0  0  0  -2  0   2  1  1  0  0  0/0    12:33   0:00   3:45 
Kevin Klein              0  0  0  -1  2   2  1  1  0  1  0/0    16:42   3:02   0:00 
Kyle Wellwood            1  0  1   0  0   2  0  0  0  0  5/15   15:37   0:06   6:02 
Lasse Kukkonen           0  1  1   2  0   1  0  3  0  2  0/0    30:44   5:01   6:41 
Markus Naslund           0  0  0  -1  6   3  1  0  0  1  0/0    16:40   3:21   1:47 
Niklas Sundstrom         0  0  0   0  0   1  0  0  0  0  0/0     5:08   0:00   0:00 
Shaone Morrisonn         0  0  0  -2  0   2  1  2  0  1  0/0    15:39   0:00   6:29 
Taylor Pyatt             0  1  1   0  0   0  0  1  1  0  1/1    12:22   0:00   2:45 
Ted Purcell              0  0  0   0  0   1  2  0  1  1  0/0     8:43   0:00   0:00 

Players Stats for Blues

Player Name              G  A  P  +/- PIM S  H  SB GA TA FO     MP     PP MP  PK MP  
------------------------------------------------------------------------------------
Andrew Cogliano          0  0  0  -1  0   1  1  0  0  0  4/6    13:14   0:34   2:24 
Brian Lee                1  0  1   0  2   1  1  1  0  3  0/0    24:52   6:16   4:46 
Bryce Lampman            0  2  2   1  0   0  2  2  0  2  0/0    27:19   2:06   6:00 
Dan Boyle                0  0  0   1  2   2  3  3  4  0  0/0    27:06   5:57   0:43 
David Perron             0  1  1  -1  0   4  1  0  3  0  0/0    18:26   5:00   0:35 
Drew Fata                0  0  0   0  0   0  0  0  1  0  0/0    11:48   0:00   2:30 
James Livingstone        0  0  0   0  2   0  0  0  0  0  1/2     8:05   0:00   1:54 
Joe Corvo                0  0  0   0  0   0  0  1  0  0  0/0     1:40   0:50   0:00 
Kevin Porter             0  0  0   0  0   0  0  0  0  0  2/2     5:59   0:00   0:10 
Kevin Shattenkirk        0  1  1   0  2   1  1  1  0  3  0/0    25:07   5:43   2:05 
Marcel Hossa             0  0  0  -1  2   1  0  0  0  0  0/0     9:16   0:06   0:00 
Marian Hossa             2  1  3   3  2   3  3  0  1  0  1/1    21:33   5:20   0:49 
Mikael Samuelsson        0  0  0  -1  0   1  1  2  0  1  0/0     9:32   0:06   0:00 
Nigel Dawes              0  0  0   0  0   2  0  1  0  0  0/0     5:52   0:00   0:00 
Nik Antropov             0  2  2  -1  0   6  0  1  0  0  18/39  21:33   5:15   4:46 
Paul Kariya              1  3  4   3  0   2  3  0  1  0  0/1    20:28   5:20   0:10 
Sergei Shirokov          1  0  1  -1  0   3  0  0  0  0  0/0    19:39   5:00   4:03 
Travis Zajac             1  0  1   3  0   2  2  0  1  0  11/21  19:06   4:37   0:00 

3 Stars

1 - Paul Kariya (STL)
2 - Marian Hossa (STL)
3 - David Legwand (SJS)

Power Play

Sharks - 2 on 6 Attempt(s) - 33,33%
Blues - 3 on 8 Attempt(s) - 37,50%

Penalty Kill

Sharks - 5 on 8 Attempt(s) - 62,50% - Score 0 goal in Penalty Kill
Blues - 4 on 6 Attempt(s) - 66,67% - Score 0 goal in Penalty Kill

Official

Referees : Marouelli Dan and Kimmerly Greg
Linesman : Pierre Racicot and Michel Cormier

Game Notes

Joe Corvo is injured at 5:22 of 1st period (Back Spasms)
Tyler Weiman enters game at 3:19 of 2nd period

Finance

Level 1 -- Attendance: 6000 (100,00%) -- Ticket Income 504 000 $
Level 2 -- Attendance: 4964 (99,28%) -- Ticket Income 258 128 $
Level 3 -- Attendance: 1827 (91,35%) -- Ticket Income 54 810 $
Level 4 -- Attendance: 3631 (90,78%) -- Ticket Income 68 989 $
Luxury Box -- Attendance: 900 (90,00%) -- Ticket Income 152 100 $
Game was played at the Scotttrade center
Total Attendance: 17322 (96,23%)
Total Ticket Income: 1 038 027 $
Other Income: 155 704 $
Total Income: 1 193 731 $

Sharks

5 vs 5 Forward 
   Center                   Left Wing                Right Wing               Time % Phy DF OF 
 1 David Legwand            Dany Heatley             Daniel Alfredsson        40     1   2  2  
 2 Antoine Vermette         Markus Naslund           Brandon Yip              30     1   2  2  
 3 Kyle Wellwood            Taylor Pyatt             Ted Purcell              20     1   2  2  
 4 Adam Mair                Curtis Glencross         Niklas Sundstrom         10     1   3  1  

5 vs 5 Defense 
   Defense                  Defense                                           Time % Phy DF OF 
 1 Lasse Kukkonen           Alex Pietrangelo                                  40     1   2  2  
 2 David Hale               Kevin Klein                                       30     1   2  2  
 3 Shaone Morrisonn         Francis Bouillon                                  20     1   3  1  
 4 Lasse Kukkonen           Alex Pietrangelo                                  10     1   2  2  

PowerPlay Forward 
   Center                   Left Wing                Right Wing               Time % Phy DF OF 
 1 David Legwand            Dany Heatley             Daniel Alfredsson        55     1   1  3  
 2 Antoine Vermette         Markus Naslund           Brandon Yip              45     2   1  2  

PowerPlay Defense
   Defense                  Defense                                           Time % Phy DF OF 
 1 Lasse Kukkonen           Alex Pietrangelo                                  55     1   2  2  
 2 David Hale               Kevin Klein                                       45     1   2  2  

Penalty Kill 4 Players Forward 
   Center                   Wing                     Time % Phy DF OF 
 1 Kyle Wellwood            Daniel Alfredsson        60     1   4  0  
 2 Markus Naslund           Taylor Pyatt             40     1   4  0  

Penalty Kill 4 Players Defense
   Defense                  Defense                  Time % Phy DF OF 
 1 Lasse Kukkonen           Shaone Morrisonn         60     1   4  0  
 2 David Hale               Francis Bouillon         40     1   4  0  

Penalty Kill - 3 Players Forward 
   Forward                                           Time % Phy DF OF 
 1 Dany Heatley                                      60     0   5  0  
 2 Markus Naslund                                    40     0   5  0  

Penalty Kill - 3 Players Defense
   Defense                  Defense                  Time % Phy DF OF 
 1 Lasse Kukkonen           Shaone Morrisonn         60     0   5  0  
 2 David Hale               Francis Bouillon         40     0   5  0  

4 vs 4 Forward 
   Center                   Wing                     Time % Phy DF OF 
 1 Antoine Vermette         Taylor Pyatt             55     1   3  1  
 2 Kyle Wellwood            Brandon Yip              45     1   3  1  

4 vs 4 Defense
   Defense                  Defense                  Time % Phy DF OF 
 1 David Hale               Kevin Klein              55     1   3  1  
 2 Shaone Morrisonn         Francis Bouillon         45     1   3  1  

Last Minutes Offensive
   Center                   Left Wing                Right Wing               Defense                  Defense                  
   David Legwand            Dany Heatley             Daniel Alfredsson        Lasse Kukkonen           Alex Pietrangelo         

Last Minutes Defensive
   Center                   Left Wing                Right Wing               Defense                  Defense                  
   Kyle Wellwood            Dany Heatley             Daniel Alfredsson        David Hale               Shaone Morrisonn         

Goaltenders
Starting : Mike Brodeur             
Backup : Tyler Weiman             

Extra Forwards
Normal : Kyle Wellwood, Brandon Yip, Taylor Pyatt - PP : Kyle Wellwood, Markus Naslund - PK : Adam Mair
Extra Defensemen
Normal : Shaone Morrisonn, Kevin Klein, Francis Bouillon - PP : Kevin Klein - PK : Alex Pietrangelo, Francis Bouillon
Penalty Shots
Dany Heatley, Ted Purcell, Daniel Alfredsson, Markus Naslund, Brandon Yip

Blues

5 vs 5 Forward 
   Center                   Left Wing                Right Wing               Time % Phy DF OF 
 1 Travis Zajac             Paul Kariya              Marian Hossa             40     1   2  2  
 2 Nik Antropov             David Perron             Sergei Shirokov          30     1   2  2  
 3 Andrew Cogliano          Marcel Hossa             Mikael Samuelsson        20     1   2  2  
 4 Kevin Porter             Nigel Dawes              James Livingstone        10     1   2  2  

5 vs 5 Defense 
   Defense                  Defense                                           Time % Phy DF OF 
 1 Dan Boyle                Bryce Lampman                                     40     1   2  2  
 2 Joe Corvo                Brian Lee                                         30     1   2  2  
 3 Drew Fata                Kevin Shattenkirk                                 20     1   2  2  
 4 Dan Boyle                Joe Corvo                                         10     1   2  2  

PowerPlay Forward 
   Center                   Left Wing                Right Wing               Time % Phy DF OF 
 1 Nik Antropov             Paul Kariya              Marian Hossa             60     1   2  2  
 2 Travis Zajac             David Perron             Sergei Shirokov          40     1   2  2  

PowerPlay Defense
   Defense                  Defense                                           Time % Phy DF OF 
 1 Dan Boyle                Joe Corvo                                         60     1   2  2  
 2 Brian Lee                Kevin Shattenkirk                                 40     1   2  2  

Penalty Kill 4 Players Forward 
   Center                   Wing                     Time % Phy DF OF 
 1 Nik Antropov             Sergei Shirokov          60     1   2  2  
 2 Andrew Cogliano          Marian Hossa             40     1   2  2  

Penalty Kill 4 Players Defense
   Defense                  Defense                  Time % Phy DF OF 
 1 Bryce Lampman            Brian Lee                60     1   2  2  
 2 Drew Fata                Joe Corvo                40     1   2  2  

Penalty Kill - 3 Players Forward 
   Forward                                           Time % Phy DF OF 
 1 Nik Antropov                                      60     1   2  2  
 2 Paul Kariya                                       40     1   2  2  

Penalty Kill - 3 Players Defense
   Defense                  Defense                  Time % Phy DF OF 
 1 Bryce Lampman            Kevin Shattenkirk        60     1   2  2  
 2 Dan Boyle                Drew Fata                40     1   2  2  

4 vs 4 Forward 
   Center                   Wing                     Time % Phy DF OF 
 1 Travis Zajac             Paul Kariya              60     1   2  2  
 2 Nik Antropov             Marian Hossa             40     1   2  2  

4 vs 4 Defense
   Defense                  Defense                  Time % Phy DF OF 
 1 Dan Boyle                Bryce Lampman            60     1   2  2  
 2 Brian Lee                Joe Corvo                40     1   2  2  

Last Minutes Offensive
   Center                   Left Wing                Right Wing               Defense                  Defense                  
   Nik Antropov             Paul Kariya              Marian Hossa             Dan Boyle                Brian Lee                

Last Minutes Defensive
   Center                   Left Wing                Right Wing               Defense                  Defense                  
   Nik Antropov             Paul Kariya              Marian Hossa             Drew Fata                Bryce Lampman            

Goaltenders
Starting : Tuukka Rask              
Backup : Cory Schneider           

Extra Forwards
Normal : Andrew Cogliano, David Perron, Nigel Dawes - PP : Andrew Cogliano, David Perron - PK : James Livingstone
Extra Defensemen
Normal : Brian Lee, Kevin Shattenkirk, Bryce Lampman - PP : Brian Lee - PK : Kevin Shattenkirk, Bryce Lampman
Penalty Shots
David Perron, Sergei Shirokov, Marian Hossa, Nik Antropov, Paul Kariya

% Time on Ice - Sharks

Lines # - Real PCT - Wanted PCT - Time Play
Normal Forward
1 - 39% - 40% - 16:14
2 - 28% - 30% - 11:26
3 - 21% - 20% - 8:43
4 - 12% - 10% - 5:08
Normal Defense
1 - 43% - 40% - 17:40
2 - 34% - 30% - 13:57
3 - 20% - 20% - 8:12
4 - 4% - 10% - 1:42
PP Forward
1 - 58% - 55% - 4:42
2 - 42% - 45% - 3:21
PP Defense
1 - 62% - 55% - 5:01
2 - 38% - 45% - 3:02
PK Forward
1 - 68% - 60% - 7:07
2 - 32% - 40% - 3:19
PK Defense
1 - 64% - 60% - 6:41
2 - 36% - 40% - 3:45
PK3 Forward
1 - 0% - 60%
2 - 0% - 40%
PK3 Defense
1 - 0% - 60%
2 - 0% - 40%
44 Forward
1 - 0% - 55%
2 - 0% - 45%
44 Defense
1 - 0% - 55%
2 - 0% - 45%
Last Minute Offensive  - 0:00
Last Minute Defensive  - 0:00
Total
Forward - 60:00
Defense - 60:00

% Time on Ice - Blues

Lines # - Real PCT - Wanted PCT - Time Play
Normal Forward
1 - 43% - 40% - 17:45
2 - 26% - 30% - 10:36
3 - 20% - 20% - 8:21
4 - 12% - 10% - 4:49
Normal Defense
1 - 37% - 40% - 15:10
2 - 35% - 30% - 14:42
3 - 16% - 20% - 6:30
4 - 12% - 10% - 5:09
PP Forward
1 - 52% - 60% - 5:26
2 - 48% - 40% - 5:00
PP Defense
1 - 67% - 60% - 6:57
2 - 33% - 40% - 3:29
PK Forward
1 - 79% - 60% - 5:21
2 - 21% - 40% - 1:26
PK Defense
1 - 63% - 60% - 4:17
2 - 37% - 40% - 2:30
PK3 Forward
1 - 87% - 60% - 1:06
2 - 13% - 40% - 0:10
PK3 Defense
1 - 42% - 60% - 0:32
2 - 58% - 40% - 0:44
44 Forward
1 - 0% - 60%
2 - 0% - 40%
44 Defense
1 - 0% - 60%
2 - 0% - 40%
Last Minute Offensive  - 0:00
Last Minute Defensive  - 0:00
Total
Forward - 60:00
Defense - 60:00

Play by Play

1st period


0:01 of 1st period - David Legwand wins face-off versus Travis Zajac in neutral zone.
0:04 of 1st period - Travis Zajac is hit by David Legwand and loses puck.
0:34 of 1st period - Backhand shot by Antoine Vermette.
0:34 of 1st period - Stopped by Tuukka Rask with a rebound.
0:36 of 1st period - Slapshot by Kevin Klein.
0:36 of 1st period - Stopped by Tuukka Rask with a rebound.
0:52 of 1st period - Joe Corvo is hit by Kevin Klein and loses puck.
0:59 of 1st period - Snap shot by Kyle Wellwood.
0:59 of 1st period - Shot Misses the Net.
2:12 of 1st period - Mikael Samuelsson is hit by Ted Purcell.
2:31 of 1st period - Lasse Kukkonen is hit by Paul Kariya and loses puck.
2:56 of 1st period - Bryce Lampman is hit by David Legwand and loses puck.
3:14 of 1st period - Minor Penalty to Markus Naslund for Holding.
3:15 of 1st period - Nik Antropov wins face-off versus Kyle Wellwood in Sharks zone.
3:42 of 1st period - Kevin Shattenkirk is hit by Adam Mair.
5:04 of 1st period - Brian Lee is hit by Curtis Glencross.
5:14 of 1st period - Penalty to Markus Naslund is over, Markus Naslund is back on ice.
5:20 of 1st period - Backhand shot by Markus Naslund.
5:20 of 1st period - Stopped by Tuukka Rask with a rebound.
5:22 of 1st period - Snap shot by Markus Naslund.
5:22 of 1st period - Shot Blocked by Joe Corvo.
5:22 of 1st period - Joe Corvo from Blues is injured at 5:22 of 1st period (Back Spasms).
5:23 of 1st period - Travis Zajac wins face-off versus David Legwand in Blues zone.
5:39 of 1st period - Snap shot by Travis Zajac.
5:39 of 1st period - Shot Blocked by Lasse Kukkonen.
5:58 of 1st period - Wrist shot by Antoine Vermette.
5:58 of 1st period - Deflect By Brandon Yip.
5:58 of 1st period - Shot Misses the Net.
5:58 of 1st period - Puck is out of play.
5:59 of 1st period - Kyle Wellwood wins face-off versus Travis Zajac in Blues zone.
6:03 of 1st period - Icing by Bryce Lampman.
6:04 of 1st period - Travis Zajac wins face-off versus Kyle Wellwood in Blues zone.
6:11 of 1st period - Slapshot by Dan Boyle.
6:11 of 1st period - Shot Misses the Net.
6:13 of 1st period - Snap shot by Paul Kariya.
6:13 of 1st period - Shot Blocked by Kevin Klein.
6:15 of 1st period - Slapshot by Bryce Lampman.
6:15 of 1st period - Deflect By Marian Hossa.
6:15 of 1st period - Goal by Marian Hossa - Sharks : 0 - Blues : 1.
6:16 of 1st period - Daniel Alfredsson wins face-off versus Travis Zajac in neutral zone.
7:03 of 1st period - Snap shot by Dan Boyle.
7:03 of 1st period - Shot Misses the Net.
7:05 of 1st period - Slapshot by Bryce Lampman.
7:05 of 1st period - Shot Blocked by Alex Pietrangelo.
7:21 of 1st period - Taylor Pyatt is hit by Bryce Lampman and loses puck.
7:44 of 1st period - Brian Lee is hit by Daniel Alfredsson and loses puck.
8:09 of 1st period - Slapshot by Nik Antropov.
8:09 of 1st period - Stopped by Mike Brodeur with a rebound.
8:18 of 1st period - Icing by Markus Naslund.
8:19 of 1st period - Antoine Vermette wins face-off versus Andrew Cogliano in Sharks zone.
8:29 of 1st period - Slapshot by David Legwand.
8:29 of 1st period - Shot Misses the Net.
8:31 of 1st period - Wrist shot by David Legwand.
8:31 of 1st period - Stopped by Tuukka Rask without a rebound.
8:32 of 1st period - Travis Zajac wins face-off versus David Legwand in Blues zone.
9:04 of 1st period - Backhand shot by Nik Antropov.
9:04 of 1st period - Deflect By Sergei Shirokov.
9:04 of 1st period - Shot Misses the Net.
9:04 of 1st period - Puck is out of play.
9:05 of 1st period - Marian Hossa wins face-off versus Antoine Vermette in Sharks zone.
9:10 of 1st period - Wrist shot by Marian Hossa.
9:10 of 1st period - Goal by Marian Hossa - Sharks : 0 - Blues : 2.
9:11 of 1st period - Travis Zajac wins face-off versus David Legwand in neutral zone.
9:23 of 1st period - Kevin Shattenkirk is hit by Daniel Alfredsson and loses puck.
9:36 of 1st period - Travis Zajac is hit by Curtis Glencross and loses puck.
9:44 of 1st period - Off-side.
9:45 of 1st period - Antoine Vermette wins face-off versus Nik Antropov in neutral zone.
10:19 of 1st period - Off-side.
10:20 of 1st period - Travis Zajac wins face-off versus Kyle Wellwood in neutral zone.
11:08 of 1st period - Shaone Morrisonn is hit by Brian Lee and loses puck.
11:17 of 1st period - Snap shot by Marcel Hossa.
11:17 of 1st period - Shot Misses the Net.
11:19 of 1st period - Snap shot by Mikael Samuelsson.
11:19 of 1st period - Stopped by Mike Brodeur without a rebound.
11:20 of 1st period - Travis Zajac wins face-off versus Dany Heatley in Sharks zone.
11:32 of 1st period - Minor Penalty to Dany Heatley for Slashing.
11:33 of 1st period - Kyle Wellwood wins face-off versus Nik Antropov in Sharks zone.
11:59 of 1st period - Kyle Wellwood is hit by Travis Zajac and loses puck.
12:12 of 1st period - Markus Naslund is hit by Dan Boyle and loses puck.
13:32 of 1st period - Penalty to Dany Heatley is over, Dany Heatley is back on ice.
13:46 of 1st period - Snap shot by Alex Pietrangelo.
13:46 of 1st period - Shot Misses the Net.
14:08 of 1st period - Slapshot by Adam Mair.
14:08 of 1st period - Stopped by Tuukka Rask with a rebound.
14:10 of 1st period - Snap shot by Curtis Glencross.
14:10 of 1st period - Stopped by Tuukka Rask without a rebound.
14:11 of 1st period - Kevin Porter wins face-off versus Antoine Vermette in Blues zone.
14:13 of 1st period - Icing by Brian Lee.
14:14 of 1st period - James Livingstone wins face-off versus Antoine Vermette in Blues zone.
15:18 of 1st period - Brian Lee is hit by Adam Mair and loses puck.
15:41 of 1st period - Wrist shot by Antoine Vermette.
15:41 of 1st period - Shot Blocked by Nigel Dawes.
15:44 of 1st period - Icing by Drew Fata.
15:45 of 1st period - Antoine Vermette wins face-off versus James Livingstone in Blues zone.
15:46 of 1st period - Wrist shot by Brandon Yip.
15:46 of 1st period - Shot Misses the Net.
16:08 of 1st period - Snap shot by Nigel Dawes.
16:08 of 1st period - Stopped by Mike Brodeur without a rebound.
16:09 of 1st period - Travis Zajac wins face-off versus David Legwand in Sharks zone.
16:10 of 1st period - Snap shot by Marian Hossa.
16:10 of 1st period - Shot Misses the Net.
16:16 of 1st period - Snap shot by Travis Zajac.
16:16 of 1st period - Shot Misses the Net.
16:18 of 1st period - Snap shot by Travis Zajac.
16:18 of 1st period - Goal by Travis Zajac - Sharks : 0 - Blues : 3.
16:19 of 1st period - Nik Antropov wins face-off versus David Legwand in neutral zone.
16:19 of 1st period - Nik Antropov is hit by David Legwand.
16:24 of 1st period - Off-side.
16:25 of 1st period - David Legwand wins face-off versus Nik Antropov in neutral zone.
16:34 of 1st period - Snap shot by David Legwand.
16:34 of 1st period - Stopped by Tuukka Rask without a rebound.
16:35 of 1st period - Antoine Vermette wins face-off versus Travis Zajac in Blues zone.
16:44 of 1st period - Snap shot by Travis Zajac.
16:44 of 1st period - Shot Misses the Net.
17:11 of 1st period - Slapshot by David Perron.
17:11 of 1st period - Stopped by Mike Brodeur without a rebound.
17:12 of 1st period - Andrew Cogliano wins face-off versus Antoine Vermette in Sharks zone.
17:13 of 1st period - Snap shot by Marcel Hossa.
17:13 of 1st period - Deflect By Markus Naslund.
17:13 of 1st period - Stopped by Mike Brodeur with a rebound.
17:37 of 1st period - David Hale is hit by Paul Kariya and loses puck.
18:02 of 1st period - Snap shot by Taylor Pyatt.
18:02 of 1st period - Shot Misses the Net.
18:04 of 1st period - Slapshot by Shaone Morrisonn.
18:04 of 1st period - Shot Hit the Post.
18:20 of 1st period - Adam Mair is hit by Dan Boyle.
18:44 of 1st period - Wrist shot by Antoine Vermette.
18:44 of 1st period - Stopped by Tuukka Rask with a rebound.
18:46 of 1st period - Slapshot by Markus Naslund.
18:46 of 1st period - Shot Misses the Net.
18:48 of 1st period - Slapshot by Shaone Morrisonn.
18:48 of 1st period - Stopped by Tuukka Rask without a rebound.
18:49 of 1st period - David Legwand wins face-off versus Travis Zajac in Blues zone.
18:58 of 1st period - Slapshot by Brian Lee.
18:58 of 1st period - Shot Misses the Net.
19:04 of 1st period - Snap shot by Daniel Alfredsson.
19:04 of 1st period - Stopped by Tuukka Rask without a rebound.
19:05 of 1st period - Nik Antropov wins face-off versus Antoine Vermette in Blues zone.
19:32 of 1st period - Daniel Alfredsson is hit by Marian Hossa and loses puck.
19:41 of 1st period - Wrist shot by Paul Kariya.
19:41 of 1st period - Shot Misses the Net.
19:57 of 1st period - Wrist shot by Alex Pietrangelo.
19:57 of 1st period - Shot Blocked by Kevin Shattenkirk.
19:59 of 1st period - Slapshot by Alex Pietrangelo.
19:59 of 1st period - Shot Blocked by Mikael Samuelsson.
Goals for this period are 0 for Sharks vs 3 for Blues.
Shots for this period are 10 for Sharks vs 8 for Blues.

2nd period


0:01 of 2nd period - Travis Zajac wins face-off versus David Legwand in neutral zone.
0:04 of 2nd period - Snap shot by Dan Boyle.
0:04 of 2nd period - Stopped by Mike Brodeur with a rebound.
0:06 of 2nd period - Slapshot by Travis Zajac.
0:06 of 2nd period - Shot Misses the Net.
0:26 of 2nd period - Slapshot by Kyle Wellwood.
0:26 of 2nd period - Shot Misses the Net.
0:39 of 2nd period - Off-side.
0:40 of 2nd period - Nik Antropov wins face-off versus Brandon Yip in neutral zone.
1:16 of 2nd period - Marcel Hossa is hit by Daniel Alfredsson and loses puck.
1:27 of 2nd period - Kyle Wellwood is hit by Dan Boyle and loses puck.
1:36 of 2nd period - Slapshot by Kevin Klein.
1:36 of 2nd period - Shot Blocked by Dan Boyle.
1:42 of 2nd period - Minor Penalty to James Livingstone for Interference.
1:43 of 2nd period - David Legwand wins face-off versus Nik Antropov in Blues zone.
1:56 of 2nd period - Slapshot by Alex Pietrangelo.
1:56 of 2nd period - Deflect By Daniel Alfredsson.
1:56 of 2nd period - Stopped by Tuukka Rask with a rebound.
1:58 of 2nd period - Snap shot by Lasse Kukkonen.
1:58 of 2nd period - Shot Blocked by Brian Lee.
2:14 of 2nd period - Slapshot by Alex Pietrangelo.
2:14 of 2nd period - Deflect By Antoine Vermette.
2:14 of 2nd period - Stopped by Tuukka Rask without a rebound.
2:15 of 2nd period - Antoine Vermette wins face-off versus Nik Antropov in Blues zone.
2:18 of 2nd period - Snap shot by Antoine Vermette.
2:18 of 2nd period - Goal by Antoine Vermette - Sharks : 1 - Blues : 3.
2:19 of 2nd period - David Legwand wins face-off versus Travis Zajac in neutral zone.
2:31 of 2nd period - Snap shot by David Legwand.
2:31 of 2nd period - Shot Blocked by Bryce Lampman.
2:33 of 2nd period - Backhand shot by Daniel Alfredsson.
2:33 of 2nd period - Stopped by Tuukka Rask with a rebound.
2:35 of 2nd period - Wrist shot by Dany Heatley.
2:35 of 2nd period - Deflect By Daniel Alfredsson.
2:35 of 2nd period - Shot Blocked by Dan Boyle.
2:35 of 2nd period - Puck is out of play.
2:36 of 2nd period - Nik Antropov wins face-off versus Antoine Vermette in Blues zone.
3:02 of 2nd period - Kevin Shattenkirk is hit by David Legwand and loses puck.
3:17 of 2nd period - Minor Penalty to Kevin Klein for Roughing.
3:18 of 2nd period - Nik Antropov wins face-off versus Kyle Wellwood in Sharks zone.
3:19 of 2nd period - Wrist shot by Paul Kariya.
3:19 of 2nd period - Goal by Paul Kariya - Sharks : 1 - Blues : 4.
3:19 of 2nd period - Tyler Weiman enters game.
3:20 of 2nd period - Nik Antropov wins face-off versus David Legwand in neutral zone.
3:31 of 2nd period - Wrist shot by Nik Antropov.
3:31 of 2nd period - Stopped by Tyler Weiman with a rebound.
3:39 of 2nd period - Dan Boyle is hit by David Legwand.
3:51 of 2nd period - Snap shot by Markus Naslund.
3:51 of 2nd period - Stopped by Tuukka Rask with a rebound.
3:53 of 2nd period - Wrist shot by Antoine Vermette.
3:53 of 2nd period - Stopped by Tuukka Rask with a rebound.
3:55 of 2nd period - Slapshot by Markus Naslund.
3:55 of 2nd period - Stopped by Tuukka Rask without a rebound.
3:56 of 2nd period - Brandon Yip wins face-off versus Travis Zajac in Blues zone.
4:06 of 2nd period - Off-side.
4:07 of 2nd period - Kyle Wellwood wins face-off versus Travis Zajac in neutral zone.
4:12 of 2nd period - Wrist shot by Travis Zajac.
4:12 of 2nd period - Stopped by Tyler Weiman without a rebound.
4:13 of 2nd period - Travis Zajac wins face-off versus Kyle Wellwood in Sharks zone.
4:18 of 2nd period - Snap shot by Marian Hossa.
4:18 of 2nd period - Shot Blocked by Taylor Pyatt.
4:20 of 2nd period - Slapshot by Paul Kariya.
4:20 of 2nd period - Shot Hit the Post.
4:22 of 2nd period - Slapshot by Bryce Lampman.
4:22 of 2nd period - Shot Misses the Net.
4:24 of 2nd period - Snap shot by Paul Kariya.
4:24 of 2nd period - Shot Misses the Net.
4:26 of 2nd period - Snap shot by Dan Boyle.
4:26 of 2nd period - Shot Misses the Net.
5:06 of 2nd period - Wrist shot by Adam Mair.
5:06 of 2nd period - Stopped by Tuukka Rask without a rebound.
5:07 of 2nd period - Travis Zajac wins face-off versus Antoine Vermette in Blues zone.
5:22 of 2nd period - Slapshot by Alex Pietrangelo.
5:22 of 2nd period - Shot Misses the Net.
5:37 of 2nd period - Kyle Wellwood is hit by Marian Hossa and loses puck.
6:04 of 2nd period - Kyle Wellwood is hit by Paul Kariya.
6:42 of 2nd period - Snap shot by Ted Purcell.
6:42 of 2nd period - Stopped by Tuukka Rask without a rebound.
6:43 of 2nd period - David Legwand wins face-off versus Nik Antropov in Blues zone.
6:46 of 2nd period - Snap shot by David Legwand.
6:46 of 2nd period - Stopped by Tuukka Rask with a rebound.
6:48 of 2nd period - Slapshot by Francis Bouillon.
6:48 of 2nd period - Stopped by Tuukka Rask without a rebound.
6:49 of 2nd period - David Legwand wins face-off versus Nik Antropov in Blues zone.
6:56 of 2nd period - Nik Antropov is hit by David Legwand and loses puck.
7:50 of 2nd period - Snap shot by Niklas Sundstrom.
7:50 of 2nd period - Stopped by Tuukka Rask with a rebound.
8:02 of 2nd period - Wrist shot by David Perron.
8:02 of 2nd period - Stopped by Tyler Weiman without a rebound.
8:03 of 2nd period - David Legwand wins face-off versus Nik Antropov in Sharks zone.
8:10 of 2nd period - Snap shot by David Perron.
8:10 of 2nd period - Stopped by Tyler Weiman with a rebound.
8:12 of 2nd period - Slapshot by Kevin Shattenkirk.
8:12 of 2nd period - Shot Blocked by David Legwand.
8:14 of 2nd period - Wrist shot by Sergei Shirokov.
8:14 of 2nd period - Stopped by Tyler Weiman without a rebound.
8:15 of 2nd period - David Legwand wins face-off versus Nik Antropov in Sharks zone.
8:54 of 2nd period - Lasse Kukkonen is hit by Andrew Cogliano and loses puck.
9:17 of 2nd period - Ted Purcell is hit by Marian Hossa and loses puck.
9:28 of 2nd period - Nigel Dawes is hit by David Hale and loses puck.
9:49 of 2nd period - Snap shot by Nik Antropov.
9:49 of 2nd period - Stopped by Tyler Weiman with a rebound.
9:55 of 2nd period - Slapshot by Francis Bouillon.
9:55 of 2nd period - Stopped by Tuukka Rask without a rebound.
9:56 of 2nd period - David Legwand wins face-off versus Travis Zajac in Blues zone.
9:57 of 2nd period - Slapshot by Alex Pietrangelo.
9:57 of 2nd period - Stopped by Tuukka Rask with a rebound.
9:59 of 2nd period - Wrist shot by Dany Heatley.
9:59 of 2nd period - Stopped by Tuukka Rask without a rebound.
10:00 of 2nd period - David Legwand wins face-off versus Paul Kariya in Blues zone.
10:01 of 2nd period - Slapshot by Dany Heatley.
10:01 of 2nd period - Shot Misses the Net.
10:08 of 2nd period - Minor Penalty to Kevin Shattenkirk for Holding.
10:09 of 2nd period - David Legwand wins face-off versus Nik Antropov in Blues zone.
10:25 of 2nd period - Brian Lee is hit by Daniel Alfredsson and loses puck.
10:57 of 2nd period - Icing by Lasse Kukkonen.
10:58 of 2nd period - Nik Antropov wins face-off versus Brandon Yip in Sharks zone.
11:09 of 2nd period - Wrist shot by David Legwand.
11:09 of 2nd period - Stopped by Tuukka Rask without a rebound.
11:10 of 2nd period - Nik Antropov wins face-off versus David Legwand in Blues zone.
11:35 of 2nd period - Brian Lee is hit by David Legwand and loses puck.
12:06 of 2nd period - David Hale is hit by David Perron and loses puck.
12:08 of 2nd period - Penalty to Kevin Shattenkirk is over, Kevin Shattenkirk is back on ice.
12:25 of 2nd period - Kevin Shattenkirk is hit by Markus Naslund and loses puck.
12:39 of 2nd period - Slapshot by Shaone Morrisonn.
12:39 of 2nd period - Shot Misses the Net.
12:41 of 2nd period - Slapshot by Brandon Yip.
12:41 of 2nd period - Shot Misses the Net.
12:43 of 2nd period - Slapshot by Shaone Morrisonn.
12:43 of 2nd period - Shot Blocked by Dan Boyle.
12:49 of 2nd period - Wrist shot by Antoine Vermette.
12:49 of 2nd period - Stopped by Tuukka Rask without a rebound.
12:50 of 2nd period - Taylor Pyatt wins face-off versus Andrew Cogliano in Blues zone.
13:01 of 2nd period - Slapshot by Kyle Wellwood.
13:01 of 2nd period - Deflect By Marcel Hossa.
13:01 of 2nd period - Goal by Kyle Wellwood - Sharks : 2 - Blues : 4.
13:02 of 2nd period - Travis Zajac wins face-off versus David Legwand in neutral zone.
13:56 of 2nd period - Wrist shot by Kyle Wellwood.
13:56 of 2nd period - Shot Misses the Net.
13:58 of 2nd period - Wrist shot by Taylor Pyatt.
13:58 of 2nd period - Shot Misses the Net.
14:00 of 2nd period - Wrist shot by Kyle Wellwood.
14:00 of 2nd period - Shot Misses the Net.
14:02 of 2nd period - Slapshot by Ted Purcell.
14:02 of 2nd period - Shot Misses the Net.
14:20 of 2nd period - Wrist shot by David Legwand.
14:20 of 2nd period - Stopped by Tuukka Rask with a rebound.
14:22 of 2nd period - Slapshot by Lasse Kukkonen.
14:22 of 2nd period - Stopped by Tuukka Rask with a rebound.
14:24 of 2nd period - Snap shot by Daniel Alfredsson.
14:24 of 2nd period - Stopped by Tuukka Rask with a rebound.
14:33 of 2nd period - Minor Penalty to Markus Naslund for Tripping.
14:34 of 2nd period - Andrew Cogliano wins face-off versus Kyle Wellwood in Sharks zone.
14:34 of 2nd period - Snap shot by Sergei Shirokov.
14:34 of 2nd period - Shot Misses the Net.
14:36 of 2nd period - Snap shot by Sergei Shirokov.
14:36 of 2nd period - Stopped by Tyler Weiman with a rebound.
14:38 of 2nd period - Snap shot by David Perron.
14:38 of 2nd period - Shot Blocked by Lasse Kukkonen.
14:40 of 2nd period - Snap shot by Andrew Cogliano.
14:40 of 2nd period - Shot Blocked by Shaone Morrisonn.
14:44 of 2nd period - Snap shot by Andrew Cogliano.
14:44 of 2nd period - Stopped by Tyler Weiman without a rebound.
14:45 of 2nd period - Andrew Cogliano wins face-off versus Kyle Wellwood in Sharks zone.
14:56 of 2nd period - Slapshot by Sergei Shirokov.
14:56 of 2nd period - Goal by Sergei Shirokov - Sharks : 2 - Blues : 5.
14:57 of 2nd period - David Legwand wins face-off versus Nik Antropov in neutral zone.
15:00 of 2nd period - Kevin Shattenkirk is hit by Dany Heatley and loses puck.
15:33 of 2nd period - Wrist shot by Marcel Hossa.
15:33 of 2nd period - Shot Blocked by Alex Pietrangelo.
16:01 of 2nd period - Minor Penalty to Marian Hossa for Goalie Interference.
16:02 of 2nd period - Nik Antropov wins face-off versus David Legwand in Blues zone.
16:02 of 2nd period - Nik Antropov is hit by David Legwand.
17:07 of 2nd period - Dany Heatley is hit by Kevin Shattenkirk.
18:01 of 2nd period - Penalty to Marian Hossa is over, Marian Hossa is back on ice.
18:22 of 2nd period - Wrist shot by Nik Antropov.
18:22 of 2nd period - Stopped by Tyler Weiman without a rebound.
18:22 of 2nd period - Minor Penalty to Tyler Weiman for Slashing.
18:23 of 2nd period - Kyle Wellwood wins face-off versus Travis Zajac in Sharks zone.
Goals for this period are 2 for Sharks vs 2 for Blues.
Shots for this period are 21 for Sharks vs 12 for Blues.

3rd period


0:01 of 3rd period - Kyle Wellwood wins face-off versus Nik Antropov in neutral zone.
0:04 of 3rd period - Slapshot by Shaone Morrisonn.
0:04 of 3rd period - Stopped by Tuukka Rask with a rebound.
0:22 of 3rd period - Penalty to Taylor Pyatt is over, Taylor Pyatt is back on ice.
0:30 of 3rd period - Snap shot by Marian Hossa.
0:30 of 3rd period - Stopped by Tyler Weiman with a rebound.
0:32 of 3rd period - Snap shot by Paul Kariya.
0:32 of 3rd period - Shot Misses the Net.
0:34 of 3rd period - Slapshot by Paul Kariya.
0:34 of 3rd period - Shot Misses the Net.
0:46 of 3rd period - Snap shot by Nik Antropov.
0:46 of 3rd period - Shot Blocked by Shaone Morrisonn.
0:48 of 3rd period - Snap shot by Nik Antropov.
0:48 of 3rd period - Stopped by Tyler Weiman without a rebound.
0:49 of 3rd period - Andrew Cogliano wins face-off versus Antoine Vermette in Sharks zone.
1:09 of 3rd period - Minor Penalty to Marcel Hossa for Hooking.
1:10 of 3rd period - David Legwand wins face-off versus Nik Antropov in Blues zone.
1:15 of 3rd period - Wrist shot by David Legwand.
1:15 of 3rd period - Stopped by Tuukka Rask without a rebound.
1:16 of 3rd period - David Legwand wins face-off versus Nik Antropov in Blues zone.
1:17 of 3rd period - Slapshot by Alex Pietrangelo.
1:17 of 3rd period - Shot Misses the Net.
1:19 of 3rd period - Snap shot by Alex Pietrangelo.
1:19 of 3rd period - Stopped by Tuukka Rask without a rebound.
1:20 of 3rd period - Nik Antropov wins face-off versus David Legwand in Blues zone.
1:29 of 3rd period - Slapshot by Alex Pietrangelo.
1:29 of 3rd period - Deflect By Dany Heatley.
1:29 of 3rd period - Shot Misses the Net.
1:29 of 3rd period - Puck is out of play.
1:30 of 3rd period - Nik Antropov wins face-off versus David Legwand in Blues zone.
1:38 of 3rd period - Off-side.
1:39 of 3rd period - Nik Antropov wins face-off versus David Legwand in neutral zone.
1:44 of 3rd period - Slapshot by Brian Lee.
1:44 of 3rd period - Deflect By Nik Antropov.
1:44 of 3rd period - Stopped by Tyler Weiman with a rebound.
1:54 of 3rd period - Wrist shot by David Legwand.
1:54 of 3rd period - Shot Blocked by Nik Antropov.
1:56 of 3rd period - Snap shot by Dany Heatley.
1:56 of 3rd period - Goal by Dany Heatley - Sharks : 3 - Blues : 5.
1:57 of 3rd period - Daniel Alfredsson wins face-off versus Nik Antropov in neutral zone.
2:04 of 3rd period - Snap shot by Dany Heatley.
2:04 of 3rd period - Stopped by Tuukka Rask without a rebound.
2:05 of 3rd period - Daniel Alfredsson wins face-off versus Nik Antropov in Blues zone.
2:20 of 3rd period - Snap shot by David Legwand.
2:20 of 3rd period - Goal by David Legwand - Sharks : 4 - Blues : 5.
2:21 of 3rd period - David Legwand wins face-off versus Nik Antropov in neutral zone.
2:24 of 3rd period - Slapshot by Alex Pietrangelo.
2:24 of 3rd period - Deflect By Dany Heatley.
2:24 of 3rd period - Stopped by Tuukka Rask with a rebound.
2:26 of 3rd period - Slapshot by Alex Pietrangelo.
2:26 of 3rd period - Deflect By Dany Heatley.
2:26 of 3rd period - Shot Blocked by Bryce Lampman.
2:26 of 3rd period - Puck is out of play.
2:27 of 3rd period - Nik Antropov wins face-off versus David Legwand in Blues zone.
2:39 of 3rd period - Minor Penalty to Dan Boyle for Holding.
2:40 of 3rd period - Nik Antropov wins face-off versus David Legwand in Blues zone.
2:44 of 3rd period - Snap shot by Bryce Lampman.
2:44 of 3rd period - Shot Blocked by Lasse Kukkonen.
3:22 of 3rd period - Minor Penalty to Brian Lee for Tripping.
3:23 of 3rd period - David Legwand wins face-off versus Nik Antropov in Blues zone.
4:39 of 3rd period - Penalty to Dan Boyle is over, Dan Boyle is back on ice.
4:44 of 3rd period - Bryce Lampman is hit by Alex Pietrangelo and loses puck.
5:05 of 3rd period - Bryce Lampman is hit by David Legwand and loses puck.
5:22 of 3rd period - Penalty to Brian Lee is over, Brian Lee is back on ice.
5:32 of 3rd period - Wrist shot by Dan Boyle.
5:32 of 3rd period - Shot Blocked by Francis Bouillon.
5:54 of 3rd period - Snap shot by Ted Purcell.
5:54 of 3rd period - Deflect By Kyle Wellwood.
5:54 of 3rd period - Stopped by Tuukka Rask with a rebound.
6:42 of 3rd period - Wrist shot by David Perron.
6:42 of 3rd period - Stopped by Tyler Weiman with a rebound.
6:56 of 3rd period - Kevin Klein is hit by Travis Zajac and loses puck.
7:11 of 3rd period - Slapshot by Brandon Yip.
7:11 of 3rd period - Shot Misses the Net.
7:23 of 3rd period - Slapshot by Alex Pietrangelo.
7:23 of 3rd period - Stopped by Tuukka Rask with a rebound.
7:45 of 3rd period - Slapshot by Marcel Hossa.
7:45 of 3rd period - Shot Misses the Net.
7:47 of 3rd period - Snap shot by Drew Fata.
7:47 of 3rd period - Shot Misses the Net.
11:48 of 3rd period - Bryce Lampman is hit by Shaone Morrisonn and loses puck.
11:57 of 3rd period - Minor Penalty to Dany Heatley for High sticking.
11:58 of 3rd period - Nik Antropov wins face-off versus Kyle Wellwood in Sharks zone.
11:59 of 3rd period - Wrist shot by Paul Kariya.
11:59 of 3rd period - Stopped by Tyler Weiman with a rebound.
12:01 of 3rd period - Snap shot by Paul Kariya.
12:01 of 3rd period - Shot Misses the Net.
12:03 of 3rd period - Snap shot by Brian Lee.
12:03 of 3rd period - Goal by Brian Lee - Sharks : 4 - Blues : 6.
12:04 of 3rd period - David Legwand wins face-off versus Nik Antropov in neutral zone.
12:29 of 3rd period - Paul Kariya is hit by Ted Purcell.
13:21 of 3rd period - Wrist shot by Nigel Dawes.
13:21 of 3rd period - Stopped by Tyler Weiman with a rebound.
13:23 of 3rd period - Snap shot by Kevin Shattenkirk.
13:23 of 3rd period - Stopped by Tyler Weiman without a rebound.
13:24 of 3rd period - Antoine Vermette wins face-off versus Nik Antropov in Sharks zone.
13:26 of 3rd period - Minor Penalty to Markus Naslund for Roughing.
13:27 of 3rd period - Nik Antropov wins face-off versus Kyle Wellwood in Sharks zone.
14:42 of 3rd period - Kevin Shattenkirk is hit by Francis Bouillon and loses puck.
14:49 of 3rd period - Slapshot by Dan Boyle.
14:49 of 3rd period - Stopped by Tyler Weiman without a rebound.
14:50 of 3rd period - Adam Mair wins face-off versus Nik Antropov in Sharks zone.
15:26 of 3rd period - Penalty to Markus Naslund is over, Markus Naslund is back on ice.
15:49 of 3rd period - David Hale is hit by Mikael Samuelsson and loses puck.
16:04 of 3rd period - Snap shot by Antoine Vermette.
16:04 of 3rd period - Shot Misses the Net.
16:06 of 3rd period - Snap shot by Brandon Yip.
16:06 of 3rd period - Shot Blocked by Mikael Samuelsson.
16:08 of 3rd period - Snap shot by Kevin Klein.
16:08 of 3rd period - Stopped by Tuukka Rask without a rebound.
16:09 of 3rd period - Kevin Porter wins face-off versus Curtis Glencross in Blues zone.
16:09 of 3rd period - Nigel Dawes is hit by Curtis Glencross and loses puck.
16:18 of 3rd period - Adam Mair is hit by Bryce Lampman and loses puck.
16:31 of 3rd period - Minor Penalty to Curtis Glencross for Holding.
16:32 of 3rd period - Nik Antropov wins face-off versus Kyle Wellwood in Sharks zone.
17:25 of 3rd period - Snap shot by Travis Zajac.
17:25 of 3rd period - Shot Misses the Net.
18:31 of 3rd period - Penalty to Curtis Glencross is over, Curtis Glencross is back on ice.
18:46 of 3rd period - Wrist shot by Andrew Cogliano.
18:46 of 3rd period - Shot Blocked by Adam Mair.
18:48 of 3rd period - Backhand shot by Kevin Shattenkirk.
18:48 of 3rd period - Shot Misses the Net.
18:50 of 3rd period - Wrist shot by Mikael Samuelsson.
18:50 of 3rd period - Shot Misses the Net.
Goals for this period are 2 for Sharks vs 1 for Blues.
Shots for this period are 10 for Sharks vs 9 for Blues.


Output by the SimonT Hockey Simulator (STHS) for François Prévost -- Original Page W3C XHTML 1.0 Valid
Hockey Simulator - Hockey Simulation - Hockey Manager